 Dungeon Crawl Stone Soup version 0.26-a0-40-gfe7b5d5a6f (webtiles) character file.

Game seed: 16020544137234805808, levelgen mode: deterministic

122138 Debik the Warrior (level 16, 0/159 HPs)
             Began as a Minotaur Fighter on May 31, 2020.
             Was the Champion of Okawaru.
             Hit by a large rock thrown by Polyphemus (15 damage)
             ... while petrified by you
             ... on level 2 of the Shoals.
             The game lasted 00:59:47 (23369 turns).

Debik the Warrior (Minotaur Fighter)               Turns: 23369, Time: 00:59:48

Health: 0/159      AC: 31    Str: 29    XL:     16   Next: 34%
Magic:  13/18      EV:  2    Int: 13    God:    Okawaru [******]
Gold:   4864       SH:  0    Dex: 17    Spells: 9/15 levels left

rFire    . . .     SeeInvis .   o - +5 broad axe (freeze)
rCold    . . .     Gourm    .   b - +0 tower shield
rNeg     + + +     Faith    .   a - +9 ring mail of Wukeapn {Slay+3}
rPois    ∞         Spirit   .   D - +4 hat of the Pink Corner {*Drain Int+8 Dex+8}
rElec    .         Reflect  .   I - +2 cloak {rCorr}
rCorr    +         Harm     .   A - +2 pair of gloves
MR       +....                  E - +1 pair of boots
Stlth    ++........             F - amulet of regeneration
HPRegen  0.76/turn              P - ring of poison resistance
MPRegen  0.16/turn              L - ring of positive energy

@: petrified, heroism, finesse, very slow
A: retaliatory headbutt, horns 2
a: Heroism, Finesse, Renounce Religion


You were on level 2 of the Shoals.
You worshipped Okawaru.
Okawaru was exalted by your worship.
You were not hungry.

You visited 4 branches of the dungeon, and saw 25 of its levels.
You also visited: Sewer.

You collected 5444 gold pieces.
You spent 580 gold pieces at shops.

Inventory:

Hand Weapons
 o - a +5 broad axe of freezing (weapon)
 M - the +10 battleaxe of the Ancient Knaves {flame, rF+ rC+ Dex+4}
   (Okawaru gifted it to you on level 2 of the Lair of Beasts)

   It has been specially enchanted to burn those struck by it, causing extra
   injury to most foes and up to half again as much damage against particularly
   susceptible opponents.
   Big, fiery blades are also staple armaments of hydra-hunters.
   It affects your dexterity (+4).
   It protects you from fire.
   It protects you from cold.
Missiles
 K - 2 throwing nets (quivered)
Armour
 a - the +9 ring mail of Wukeapn (worn) {Slay+3}
   (You found it on level 5 of the Dungeon)

   It affects your accuracy and damage with ranged weapons and melee attacks
   (+3).
 b - a +0 tower shield (worn)
 A - a +2 pair of gloves (worn)
 B - a scarf of invisibility
 D - the +4 hat of the Pink Corner (worn) {*Drain Int+8 Dex+8}
   (Okawaru gifted it to you on level 9 of the Dungeon)

   It affects your intelligence (+8).
   It affects your dexterity (+8).
   It causes draining when unequipped.
 E - a +1 pair of boots (worn)
 I - a +2 cloak of preservation (worn)
Jewellery
 z - an uncursed ring of ice
 F - an amulet of regeneration (around neck)
 L - a ring of positive energy (right hand)
 P - a ring of poison resistance (left hand)
Wands
 c - a wand of clouds (8)
 s - a wand of paralysis (14)
 y - a wand of iceblast (14)
 C - a wand of acid (16)
 N - a wand of polymorph (7)
 O - a wand of disintegration (24)
 R - a wand of flame (20)
 T - a wand of digging (6)
Scrolls
 g - 12 scrolls of teleportation
 i - 5 scrolls of identify
 j - 3 scrolls of fear
 p - 4 scrolls of amnesia
 q - 12 scrolls of remove curse
 r - 6 scrolls of magic mapping
 t - 2 scrolls of fog
 v - 2 scrolls of acquirement
 J - a scroll of enchant armour
 S - 3 scrolls of enchant weapon
Potions
 d - 4 potions of might
 e - a potion of magic
 h - 3 potions of flight
 k - 7 potions of stabbing
 l - 2 potions of lignification
 m - 14 potions of curing
 n - 4 potions of brilliance
 u - 8 potions of heal wounds
 w - 3 potions of mutation
 G - 4 potions of haste
 H - 2 potions of berserk rage
 Q - a potion of resistance
 U - 2 potions of cancellation
Comestibles
 f - 56 rations
 x - 10 chunks of flesh


   Skills:
 * Level 18.8(23.8) Fighting
   Level 4.6(9.6) Short Blades
 + Level 18.8(23.8) Axes
 + Level 9.4(14.4) Armour
 + Level 9.0(14.0) Dodging
 + Level 6.1(11.1) Stealth
 + Level 14.2(19.2) Shields
 + Level 4.6 Invocations


You had 9 spell levels left.
You knew the following spells:

 Your Spells              Type           Power        Failure   Level  Hunger
a - Song of Slaying       Chrm           #.......     77%         2    ###....
b - Shroud of Golubria    Chrm/Tloc      #.....       77%         2    ###....
c - Swiftness             Chrm/Air       #.......     77%         2    ###....

Your spell library contained the following spells:

 Spells                   Type           Power        Failure   Level  Hunger
 Apportation              Tloc           #.....       63%         1    ##.....
 Corona                   Hex            #......      63%         1    ##.....
 Infusion                 Chrm           #...         63%         1    ##.....
 Shock                    Conj/Air       #...         63%         1    ##.....
 Summon Butterflies       Summ           #.......     63%         1    ##.....
 Ensorcelled Hibernation  Hex/Ice        #.....       77%         2    ###....
 Slow                     Hex            #.......     77%         2    ###....
 Confusing Touch          Hex            #.......     94%         3    ####...
 Dazzling Flash           Conj/Hex       #.....       94%         3    ####...
 Inner Flame              Hex/Fire       #.......     94%         3    ####...
 Lesser Beckoning         Tloc           #.........   94%         3    ####...
 Ozocubu's Armour         Chrm/Ice       #.......     94%         3    ####...
 Portal Projectile        Hex/Tloc       #.....       94%         3    ####...
 Spectral Weapon          Hex/Chrm       #.......     94%         3    ####...
 Static Discharge         Conj/Air       #.......     94%         3    ####...
 Tukima's Dance           Hex            #.......     94%         3    ####...
 Airstrike                Air            #.........   100%        4    #####..
 Cause Fear               Hex            #.........   100%        4    #####..
 Leda's Liquefaction      Hex/Erth       #.........   100%        4    #####..
 Alistair's Intoxication  Tmut/Pois      #.......     100%        5    ######.
 Lightning Bolt           Conj/Air       #.........   100%        5    ######.
 Silence                  Hex/Air        #.........   100%        5    ######.
 Yara's Violent Unravell  Hex/Tmut       #.........   100%        5    ######.
 Invisibility             Hex            #.......     100%        6    #######
 Discord                  Hex            #.........   100%        8    #######


Dungeon Overview and Level Annotations

Branches:
Dungeon (15/15)            Temple (0/1) D:7            Lair (6/6) D:11
 Shoals (2/4) Lair:3       Spider (0/4) Lair:2        Slime (0/5) Lair:6
    Orc (2/2) D:11            Elf (0/3) Orc:2        Vaults (0/5) D:13
 Depths (0/5) D:15          Sewer (visited)

Altars:
Ashenzari
Cheibriados
Dithmenos
Fedhas
Gozag
Hepliaklqana
Kikubaaqudgha
Makhleb
Okawaru
Vehumet
Wu Jian
Xom
Beogh

Shops:
D:11 *[*   Orc:2 ([*%   Shoals:1 (

Annotations:
Shoals:2 Polyphemus


Innate Abilities, Weirdness & Mutations

You reflexively headbutt those who attack you in melee.
You have a pair of horns on your head.


Message History

The manticore bites you but does no damage.
The manticore claws you but does no damage. x2
The merfolk impaler barely misses you.
The catoblepas breathes a plume of calcifying dust at you.
The blast of calcifying dust hits you but does no damage.
The death yak gores you but does no damage.
The merfolk impaler hits you from afar with a +0 trident!
* * * LOW HITPOINT WARNING * * *
You are engulfed in calcifying dust.
The death yak gores you. Polyphemus throws the death yak at you!
The manticore bites you but does no damage.
The manticore claws you but does no damage. x2
The catoblepas gores you but does no damage.
The merfolk impaler hits you from afar with a +0 trident.
* * * LOW HITPOINT WARNING * * *
The death yak gores you but does no damage.
You are engulfed in calcifying dust.
The death yak gores you but does no damage.
Polyphemus throws a large rock.
The large rock hits you!!
You die...

≈≈≈≈≈≈≈≈≈≈≈≈≈≈......##..
≈≈≈≈≈≈≈≈≈≈≈≈≈≈≈....###..
≈≈≈≈≈≈≈≈≈≈≈≈..≈.†.......
≈≈≈≈≈≈≈≈≈≈≈......≈≈.....
≈≈≈≈≈≈≈≈≈≈≈.##....≈≈≈...
≈≈≈≈≈≈≈≈≈≈≈.......≈≈≈≈≈≈
≈≈≈≈≈≈≈≈≈≈≈≈≈≈≈≈≈.≈≈≈≈≈≈
≈≈≈≈≈≈YYY≈≈≈≈≈≈≈..≈≈≈≈≈≈
≈≈≈≈≈≈H@≈≈≈..≈≈.....≈≈≈≈
≈≈≈≈≈≈≈≈§....≈.....≈≈≈≈≈
≈≈≈≈≈≈≈Cm§.......≈≈≈≈≈≈≈
≈≈≈≈≈≈≈....##.≈≈≈ ≈≈≈
≈≈≈≈≈.....## ..≈ ≈≈≈
≈≈≈≈≈).###. ≈≈≈ ≈≈≈≈≈..
.. ≈≈≈ ≈≈≈≈≈≈. .≈≈ ≈≈≈
≈≈≈


You could see Polyphemus, a merfolk impaler, 2 death yaks, a catoblepas and a
manticore.

Vanquished Creatures
  Kirke (D:15)
  The ghost of Itusis Juwka the Thaumaturge, a journeyman GnSk of Uskayaw (Orc:1)
  An ettin (Orc:1)
  3 vault guards (D:13)
  4 hydras
  2 centaur warriors
  2 catoblepae
  4 ogre magi (Orc:2)
  16 death yaks
  A deep troll shaman (Lair:6)
  3 tengu warriors
  24 two-headed ogres
  The ghost of Hedoog the Covert, a novice GnAs of Ashenzari (Lair:1)
  2 death knights
  2 orc high priests
  2 skeletal warriors (D:15)
  Sonja (Lair:1)
  3 unseen horrors
  2 wizards
  4 sea snakes
  A phantasmal warrior (D:15)
  A tengu zombie (D:15)
  2 necromancers
  A wolf spider (Lair:2)
  A wolf spider zombie (D:15)
  6 cyclopes
  5 deep elf magi
  An orc sorcerer (Orc:1)
  6 manticores
  2 oklob plants (Lair:1)
  A fire giant skeleton (D:15)
  13 elephants
  3 centaur zombies
  3 merfolk sirens
  A torpor snail (Lair:6)
  A black mamba (shapeshifter) (D:15)
  A water nymph (Shoals:2)
  2 black mambas
  Maggie (D:8)
  12 spiny frogs
  2 gargoyles (D:14)
  A rime drake (Lair:6)
  A freezing wraith (D:13)
  2 efreet (D:15)
  7 komodo dragons
  A tengu conjurer (D:15)
  5 trolls
  3 meliai (D:12)
  2 jumping spiders (Lair:2)
  A queen bee (D:12)
  3 merfolk (Shoals:1)
  A queen bee (shapeshifter) (D:15)
  A troll (shapeshifter) (D:15)
  4 polar bears
  12 hippogriffs
  5 slime creatures
  An ettin zombie (D:15)
  An ice dragon zombie (D:15)
  4 snapping turtles
  23 dream sheep
  2 wind drakes (Shoals:1)
  13 blink frogs
  A centaur simulacrum (D:14)
  A shadow (D:13)
  5 wyverns
  2 vampires
  3 wraiths
  9 humans (D:13)
  5 water elementals
  24 yaks
  A basilisk (Lair:6)
  7 hogs
  Grum (D:9)
  2 hungry ghosts
  A steam dragon (Lair:3)
  2 vampire mosquitoes (D:13)
  2 wargs
  An acid dragon (D:15)
  9 water moccasins
  12 porcupines
  10 black bears
  23 orc warriors
  5 ice beasts
  5 sky beasts
  An elephant zombie (Lair:5)
  An eye of draining (D:13)
  8 necrophages
  32 ogres
  23 wolves
  13 centaurs
  14 crocodiles
  2 big kobolds
  22 bullfrogs
  A wyvern zombie (D:12)
  3 scorpions
  7 wights
  33 killer bees
  8 howler monkeys
  9 electric eels
  15 crimson imps
  A quasit (D:11)
  12 hounds
  2 bullfrog zombies
  15 orc priests
  6 jellies
  5 centaur skeletons
  A basilisk zombie (Lair:5)
  A bullfrog skeleton (D:9)
  4 iguanas
  16 orc wizards
  10 worker ants
  A killer bee zombie (D:9)
  A crocodile zombie (Lair:5)
  A hound zombie (D:8)
  A hound skeleton (D:8)
  3 worker ant zombies
  A howler monkey zombie (D:8)
  8 adders
  A howler monkey skeleton (D:4)
  5 shadow imps
  3 adder skeletons
  An adder zombie (D:8)
  3 worms
  4 dart slugs
  6 leopard geckos
  119 orcs
  5 ball pythons
  10 bats
  8 giant cockroaches
  9 hobgoblins
  8 jackals
  20 kobolds
  4 quokkas
  8 frilled lizards
  8 goblins
  A jackal skeleton (D:4)
  A quokka zombie (D:10)
  11 rats
  7 bushes (D:8)
  4 fungi
  29 plants
  2 withered plants (D:15)
927 creatures vanquished.

Vanquished Creatures (others)
  61 fungi
  33 plants
94 creatures vanquished.

Grand Total: 1021 creatures vanquished

Notes
Turn   | Place    | Note
-------+----------+-------------------------------------------
     0 | D:1      | Debik the Minotaur Fighter began the quest for the Orb.
     0 | D:1      | Reached XP level 1. HP: 19/19 MP: 0/0
   160 | D:1      | Reached XP level 2. HP: 21/27 MP: 1/1
   543 | D:1      | Reached XP level 3. HP: 33/33 MP: 2/2
   954 | D:2      | Reached skill level 1 in Dodging
  1404 | D:2      | Reached XP level 4. HP: 40/40 MP: 3/3
  1638 | D:3      | Reached skill level 1 in Short Blades
  1972 | D:3      | Found an ancient bone altar of Kikubaaqudgha.
  1976 | D:3      | Reached XP level 5. HP: 44/47 MP: 4/4
  2275 | D:4      | Found an iron altar of Okawaru.
  2298 | D:4      | Became a worshipper of Warmaster Okawaru
  2332 | D:4      | Reached skill level 5 in Shields
  2632 | D:4      | Reached XP level 6. HP: 41/55 MP: 5/5
  3231 | D:5      | Entered Level 5 of the Dungeon
  3240 | D:5      | Reached skill level 5 in Fighting
  3354 | D:5      | Found a shimmering altar of Xom.
  3380 | D:5      | Reached XP level 7. HP: 42/61 MP: 6/6
  3403 | D:5      | Reached * piety under Okawaru
  3567 | D:5      | Reached skill level 5 in Armour
  3796 | D:5      | Reached skill level 1 in Stealth
  4028 | D:5      | Identified a scroll of acquirement
  4039 | D:5      | Got a dazzling ring mail
  4050 | D:5      | Identified the +9 ring mail of Wukeapn {Slay+3} (You found
                  | it on level 5 of the Dungeon)
  4214 | D:6      | Found a glowing drain.
  4232 | Sewer    | Entered a sewer
  4298 | Sewer    | Reached XP level 8. HP: 70/71 MP: 7/7
  4324 | Sewer    | Found a white marble altar of Elyvilon.
  4488 | D:6      | Reached ** piety under Okawaru
  4956 | D:6      | Found an opulent altar of Gozag.
  4960 | D:6      | Found a shattered altar of Ashenzari.
  4960 | D:6      | Found a shadowy altar of Dithmenos.
  4978 | D:6      | Found a radiant altar of Vehumet.
  4982 | D:6      | Found a hazy altar of Hepliaklqana.
  5003 | D:6      | Found a snail-covered altar of Cheibriados.
  5299 | D:7      | Reached skill level 5 in Axes
  5451 | D:7      | Found a staircase to the Ecumenical Temple.
  5636 | D:7      | Reached *** piety under Okawaru
  5637 | D:7      | Reached XP level 9. HP: 80/80 MP: 8/8
  6383 | D:8      | Found an ornate altar of the Wu Jian Council.
  6538 | D:8      | Found a blossoming altar of Fedhas.
  6623 | D:8      | Reached **** piety under Okawaru
  6780 | D:8      | Found a burning altar of Makhleb.
  6834 | D:8      | Noticed Maggie
  6844 | D:8      | Killed Maggie
  6995 | D:8      | Found a huge runed translucent gate.
  6995 | D:8      | Found a huge runed translucent gate.
  6995 | D:8      | Found a huge runed translucent gate.
  6995 | D:8      | Found a huge runed translucent gate.
  6995 | D:8      | Noticed a death yak
  6995 | D:8      | Noticed a polar bear
  6996 | D:8      | Noticed a death yak
  7090 | D:8      | Reached XP level 10. HP: 91/91 MP: 9/9
  7399 | D:8      | Noticed a death yak
  7614 | D:9      | Found an opulent altar of Gozag.
  7695 | D:9      | Noticed a manticore
  7700 | D:9      | Killed a manticore
  7706 | D:9      | Noticed Grum
  7725 | D:9      | Killed Grum
  7725 | D:9      | Reached ***** piety under Okawaru
  7935 | D:9      | Got a faintly humming chain mail
  7937 | D:9      | Identified the +5 chain mail "Tieh" {Dex+4} (You found it
                  | on level 9 of the Dungeon)
  8019 | D:9      | Reached skill level 10 in Axes
  8118 | D:9      | Reached skill level 10 in Fighting
  8196 | D:9      | Received a gift from Okawaru
  8222 | D:9      | Got a warped hat {god gift}
  8228 | D:9      | Identified the +4 hat of the Pink Corner {*Drain Int+8
                  | Dex+8} (Okawaru gifted it to you on level 9 of the Dungeon)
  8271 | D:9      | Found a roughly hewn altar of Beogh.
  8615 | D:10     | Entered Level 10 of the Dungeon
  8615 | D:10     | Noticed a two-headed ogre
  8627 | D:10     | Killed a two-headed ogre
  8752 | D:10     | Reached skill level 1 in Invocations
  8977 | D:10     | Reached XP level 11. HP: 101/101 MP: 10/10
  9517 | D:11     | Noticed a death knight
  9541 | D:11     | Killed a death knight
  9541 | D:11     | Reached skill level 5 in Dodging
  9788 | D:11     | Noticed a two-headed ogre
  9793 | D:11     | Killed a two-headed ogre
  9806 | D:11     | Noticed a two-headed ogre
  9817 | D:11     | Killed a two-headed ogre
  9930 | D:11     | Found a staircase to the Orcish Mines.
  9997 | D:11     | Found Toser's Assorted Antiques.
  9997 | D:11     | Noticed a two-headed ogre
 10007 | D:11     | Killed a two-headed ogre
 10011 | D:11     | Killed an unseen horror
 10011 | D:11     | Received a gift from Okawaru
 10014 | D:11     | Reached skill level 10 in Shields
 10075 | D:11     | Found a staircase to the Lair.
 10087 | D:11     | Noticed a wizard
 10092 | D:11     | Killed a wizard
 10119 | D:11     | Bought a scroll labeled RERCHO YMEN for 35 gold pieces
 10243 | D:11     | Found Missiniwn's Armour Shop.
 10250 | D:11     | Bought a +1 cloak of preservation for 214 gold pieces
 10307 | D:11     | You fall into a shaft and drop 1 floor!
 10386 | D:11     | Found Xiewkeq's General Store.
 10695 | Lair:1   | Entered Level 1 of the Lair of Beasts
 10792 | Lair:1   | Reached XP level 12. HP: 113/113 MP: 12/12
 10968 | Lair:1   | Found a runed translucent gate.
 10968 | Lair:1   | Found a runed translucent gate.
 10968 | Lair:1   | Found a runed translucent gate.
 10968 | Lair:1   | Noticed Hedoog's ghost (novice GnAs)
 11053 | Lair:1   | Found an iron altar of Okawaru.
 11139 | Lair:1   | Noticed Sonja
 11451 | Lair:1   | Killed Sonja
 11480 | Lair:1   | Killed Hedoog's ghost
 11763 | Lair:2   | Noticed a death yak
 11763 | Lair:2   | Noticed a death yak
 11791 | Lair:2   | Killed a death yak
 12067 | Lair:2   | Found a hole to the Spider Nest.
 12286 | Lair:2   | Received a gift from Okawaru
 12367 | Lair:2   | Noticed a death yak
 12369 | Lair:2   | Noticed a death yak
 12370 | Lair:2   | Noticed a death yak
 12379 | Lair:2   | Killed a death yak
 12384 | Lair:2   | Killed a death yak
 12388 | Lair:2   | Killed a death yak
 12391 | Lair:2   | Killed a death yak
 12890 | D:8      | Killed a death yak
 12901 | D:8      | Killed a death yak
 12901 | D:8      | Reached XP level 13. HP: 120/123 MP: 7/14
 12903 | D:8      | Reached skill level 15 in Axes
 13070 | Lair:3   | Found a staircase to the Shoals.
 13083 | Lair:3   | Reached ****** piety under Okawaru
 13224 | Lair:3   | Received a gift from Okawaru
 13230 | Lair:3   | Received a gift from Okawaru
 13335 | Lair:2   | Identified the +10 battleaxe of the Ancient Knaves {flame,
                  | rF+ rC+ Dex+4} (Okawaru gifted it to you on level 2 of the
                  | Lair of Beasts)
 13964 | Lair:4   | You fall into a shaft and drop 1 floor!
 14835 | Lair:5   | Identified the +4 great sword "Amnoidd" {venom, rF+ MR+
                  | Str+4 Int+2} (You found it on level 5 of the Lair of
                  | Beasts)
 15176 | Lair:5   | Identified the +7 halberd of Zuipof {flame, Int+4 Stlth+}
                  | (You found it on level 5 of the Lair of Beasts)
 15382 | Lair:6   | Entered Level 6 of the Lair of Beasts
 15424 | Lair:6   | Received a gift from Okawaru
 15496 | Lair:6   | Reached skill level 15 in Fighting
 15590 | Lair:6   | Reached XP level 14. HP: 128/135 MP: 15/15
 15612 | Lair:6   | Found a staircase to the Slime Pits.
 15720 | Lair:6   | Received a gift from Okawaru
 16296 | Lair:6   | Received a gift from Okawaru
 16600 | Lair:6   | Received a gift from Okawaru
 17187 | Orc:1    | Entered Level 1 of the Orcish Mines
 17392 | Orc:1    | Found a transporter.
 17392 | Orc:1    | Noticed Itusis Juwka's ghost (journeyman GnSk)
 17394 | Orc:1    | Identified the cursed +1 great mace of Red Wine {speed,
                  | rN++ Str-5}
 17394 | Orc:1    | Identified the +7 great mace "Hual" {flame, rF++}
 17398 | Orc:1    | Found a transporter.
 17483 | Orc:1    | Found a roughly hewn altar of Beogh.
 17796 | Orc:2    | Entered Level 2 of the Orcish Mines
 17850 | Orc:2    | Received a gift from Okawaru
 17876 | Orc:2    | Reached XP level 15. HP: 45/145 MP: 11/16
 18040 | Orc:2    | Got a smoking rapier {god gift}
 18041 | Orc:2    | Identified the +1 rapier "Wiyce" {elec, rPois rC- Str+8}
                  | (Okawaru gifted it to you on level 2 of the Orcish Mines)
 18045 | Orc:2    | Found Haptahej's Antique Armour Boutique.
 18045 | Orc:2    | Found Feag's Food Emporium.
 18088 | Orc:2    | Found Qiguwezo's Weapon Shoppe.
 18088 | Orc:2    | Found Oreptot's Assorted Antiques.
 18096 | Orc:2    | Bought a scroll of teleportation for 54 gold pieces
 18096 | Orc:2    | Bought a fuming purple potion for 16 gold pieces
 18096 | Orc:2    | Bought a scroll of enchant weapon for 135 gold pieces
 18096 | Orc:2    | Bought a scroll of teleportation for 54 gold pieces
 18096 | Orc:2    | Bought a potion of might for 72 gold pieces
 18192 | Orc:2    | Found a staircase to the Elven Halls.
 18679 | Orc:2    | Received a gift from Okawaru
 18999 | Orc:1    | Killed Itusis Juwka's ghost
 19175 | D:12     | Learned a level 2 spell: Song of Slaying
 19178 | D:12     | Learned a level 2 spell: Shroud of Golubria
 19181 | D:12     | Learned a level 2 spell: Swiftness
 19199 | D:12     | Reached skill level 5 in Stealth
 19412 | D:12     | Found Jonn's Antique Weapon Shoppe.
 19604 | D:12     | Received a gift from Okawaru
 19607 | D:12     | Got a crude war axe {god gift}
 19608 | D:12     | Identified the +1 war axe of the Middle {vamp, rPois
                  | Stlth+} (Okawaru gifted it to you on level 12 of the
                  | Dungeon)
 20306 | D:13     | Found a gate to the Vaults.
 21283 | D:14     | Received a gift from Okawaru
 21615 | D:15     | Entered Level 15 of the Dungeon
 21745 | D:15     | Noticed Kirke
 21763 | D:15     | Killed Kirke
 21825 | D:15     | Found a staircase to the Depths.
 21830 | D:15     | Reached XP level 16. HP: 145/158 MP: 15/18
 22414 | Shoals:1 | Entered Level 1 of the Shoals
 22642 | Shoals:1 | Received a gift from Okawaru
 22742 | Shoals:1 | Found Xusee's Weapon Boutique.
 23354 | Shoals:2 | Noticed Polyphemus
 23369 | Shoals:2 | Hit by a large rock thrown by Polyphemus

Illustrated notes

Levels and vault maps discovered:
D:1:      minmay_arrival_stair_chambers, layout_rooms
D:2:      kennysheep_six_static_rooms, layout_basic
D:3:      layout_rooms, overflow_temple_1_default, minmay_door_square
D:4:      layout_basic, kennysheep_mini_moat
D:5:      layout_rooms, led_xom_imps, first_ration
D:6:      layout_basic, minmay_overflow_temple_star_hex, portal_sewer_entry_a,
          cheibrodos_worm_habitat
D:7:      layout_loops_ring, minmay_temple_entry_wispy, grunt_ogre_cave
D:8:      lemuel_bear_cage, layout_loops_ring, makhleb_blood_cavern_becter,
          overflow_temple_1_default, special_room [special_room_orc],
          fedhas_altar_decomposition, uniq_maggie
D:9:      layout_basic, special_room [special_room_orc], basic_altar, uniq_grum
D:10:     layout_rooms, dk_vineyard_2
D:11:     layout_basic, due_lair_maze_entry_diamond, david_orc_4, serial_shops,
          shop, nicolae_shop_statue_plus, shop, serial_bayou,
          serial_bayou_lake_a, serial_bayou_shore_b, serial_bayou_lagoon_a,
          serial_bayou_crossing
D:12:     layout_roguey [special_room_bee], serial_shops,
          nicolae_shop_overgrown_old_shop,
          hangedman_abyss_or_decor_jellyfish_corner
D:13:     layout_long_grid, ximxim_vaults_locker_room, kennysheep_potato
D:14:     layout_roguey, amethyst_killhole
D:15:     gammafunk_depths_entry_grave, layout_rooms, uniq_kirke
Lair:1:   layout_roguey, ebering_ghost_rock_garden, basic_altar,
          minmay_lair_oklob_chamber, uniq_sonja
Lair:2:   layout_cave_pods, spider_nest_entry_funnel_web, serial_rivers,
          chequers_serial_rivers_micro_c, chequers_serial_rivers_small_b,
          chequers_serial_rivers_small_b, chequers_serial_rivers_micro_a,
          chequers_serial_rivers_micro_c, chequers_serial_rivers_small_b
Lair:3:   layout_roguey, minmay_shoals_entry_centaurs,
          nicolae_quartered_pool_little
Lair:4:   layout_long_grid, beast_lair_carwin_9
Lair:5:   pond_and_an_island_with_a_cottage, layout_regular_city
Lair:6:   grunt_lair_end_beastmaster, layout_gridlike,
          minmay_slime_entry_pillars, serial_bayou_shore_a
Shoals:1: layout_shoals, serial_shops, shop
Shoals:2: layout_shoals, nicolae_shoals_c_island, uniq_polyphemus
Orc:1:    layout_diamond_mine, gammafunk_ghost_smash, kennysheep_orc_chapel
Orc:2:    st_orc_ogre_mass, layout_caves, nicolae_orc_tapped_out

Skill      XL: |  1  2  3  4  5  6  7  8  9 10 11 12 13 14 15 16 |
---------------+-------------------------------------------------+-----
Shields        | 4 5 6 7 9 10 11 12 13 14 | 14.2
Fighting       | 4 5 6 7 9 10 12 13 15 16 18 | 18.8
Armour         | 4 5 6 7 8 9 |  9.4
Dodging        | 1 2 3 4 5 6 7 8 9 |  9.0
Axes           | 3 6 9 11 13 14 16 17 18 | 18.8
Short Blades   | 1 2 3 4 |  4.6
Stealth        | 1 2 3 4 5 6 |  6.1
Invocations    | 1 3 4 |  4.6

Action                   |  1- 3 |  4- 6 |  7- 9 | 10-12 | 13-15 | 16-18 || total
-------------------------+-------+-------+-------+-------+-------+-------++-------
Melee: War axe           |    58 |       |       |       |       |       ||    58
       Headbutt          |    10 |    30 |    47 |   105 |   214 |    50 ||   456
       Short sword       |    61 |   172 |     8 |       |       |       ||   241
       Dagger            |       |       |    48 |       |       |       ||    48
       Broad axe         |       |       |   200 |   437 |   783 |   177 ||  1597
Invok: Heroism           |       |       |     1 |     9 |    12 |     1 ||    23
       Finesse           |       |       |       |     6 |     9 |     1 ||    16
  Use: Scroll            |       |    10 |     9 |    13 |    10 |     2 ||    44
       Potion            |       |       |     4 |       |       |       ||     4
 Stab: Sleeping          |       |       |       |     3 |    21 |     5 ||    29
       Petrified         |       |       |       |       |     6 |       ||     6
       Petrifying        |       |       |       |       |     3 |       ||     3
       Distracted        |       |       |       |       |     2 |       ||     2
  Eat: Chunk             |     2 |     6 |    12 |    14 |    24 |     6 ||    64
       Ration            |       |       |       |     3 |       |       ||     3
Armor: Scale mail        |    55 |    62 |     7 |       |       |       ||   124
       Ring mail         |       |       |    64 |   110 |   218 |    70 ||   462
Dodge: Dodged            |    27 |    47 |    79 |   134 |   185 |    45 ||   517
Block: Kite shield       |    80 |    77 |    94 |   177 |       |       ||   428
       Reflection        |       |       |       |     5 |       |       ||     5
       Tower shield      |       |       |       |   105 |   541 |   102 ||   748

Table legend:
 A = Non-vault XP
 B = Vault XP
 C = Vault XP percentage of total XP
 D = Non-vault monster count
 E = Vault monster count
 F = Vault count percentage of total count
                 A         B        C        D         E       F
            +---------+---------+-------+---------+---------+-------
      Total |  107125 |   67359 |  38.6 |     616 |     269 |  30.4
            +---------+---------+-------+---------+---------+-------
        D:1 |      49 |       0 |   0.0 |      28 |       0 |   0.0
        D:2 |      25 |      24 |  49.0 |      14 |       6 |  30.0
        D:3 |     108 |       0 |   0.0 |      26 |       0 |   0.0
        D:4 |     287 |       0 |   0.0 |      22 |       0 |   0.0
        D:5 |     620 |     186 |  23.1 |      21 |       4 |  16.0
        D:6 |     686 |       4 |   0.6 |      21 |       2 |   8.7
        D:7 |     909 |     121 |  11.7 |      14 |       1 |   6.7
        D:8 |    1163 |    7038 |  85.8 |      20 |      48 |  70.6
        D:9 |    1767 |     628 |  26.2 |      24 |      24 |  50.0
       D:10 |    2798 |       0 |   0.0 |      22 |       0 |   0.0
       D:11 |    7961 |    1771 |  18.2 |      40 |      23 |  36.5
       D:12 |    5824 |    2565 |  30.6 |      26 |      26 |  50.0
       D:13 |    9252 |    4849 |  34.4 |      33 |      13 |  28.3
       D:14 |    9089 |       0 |   0.0 |      30 |       0 |   0.0
       D:15 |    9044 |    7654 |  45.8 |      31 |      15 |  32.6
     Lair:1 |    3094 |    2845 |  47.9 |      18 |       5 |  21.7
     Lair:2 |    7400 |    1207 |  14.0 |      17 |       3 |  15.0
     Lair:3 |    6908 |     452 |   6.1 |      26 |       4 |  13.3
     Lair:4 |    3808 |    1219 |  24.2 |      17 |       5 |  22.7
     Lair:5 |    2557 |     814 |  24.1 |      17 |       4 |  19.0
     Lair:6 |   18755 |    9312 |  33.2 |      57 |      21 |  26.9
   Shoals:1 |    5558 |       0 |   0.0 |      14 |       0 |   0.0
   Shoals:2 |    4654 |     904 |  16.3 |      12 |       1 |   7.7
      Orc:1 |    1608 |    6755 |  80.8 |      22 |      13 |  37.1
      Orc:2 |    3201 |   18901 |  85.5 |      44 |      39 |  47.0
      Sewer |       0 |     110 | 100.0 |       0 |      12 | 100.0
            +---------+---------+-------+---------+---------+-------
